 Dungeon Crawl Stone Soup version 0.32-a0-791-gfc315c9ecd (webtiles) character file.

Game seed: 4403296070881272143

2745 smashvw the Cleaver (level 9, -11/82 HPs)
             Began as a Mountain Dwarf Fighter on Mar 20, 2024.
             Was a Priest of Elyvilon.
             Shot with a sling bullet by Joseph (15 damage)
             ... on level 7 of the Dungeon.
             The game lasted 00:21:31 (7190 turns).

smashvw the Cleaver (Mountain Dwarf Fighter)        Turns: 7190, Time: 00:21:32

Health: -11/82     AC: 14    Str: 30    XL:     9   Next: 41%
Magic:  0/11       EV:  7    Int: 14    God:    Elyvilon [***...]
Gold:   702        SH:  4    Dex:  9    Spells: 6/8 levels left

rFire   . . .        q - +0 war axe
rCold   . . .        c - +0 buckler
rNeg    . . .        z - +0 chain mail
rPois   .            E - +0 helmet
rElec   .            p - +0 cloak
rCorr   .            a - +2 pair of gloves
SInv    .            (no boots)
Will    .....        l - amulet of guardian spirit Stlth
                     y - +6 ring of intelligence
HPRegen 0.33/turn    x - +6 ring of strength
MPRegen 0.12/turn

%: guardian spirit
@: mighty, about to teleport
A: runic magic, artefact enchanting
a: Renounce Religion, Purification, Heal Other, Heal Self


You were on level 7 of the Dungeon.
You worshipped Elyvilon.
Elyvilon was most pleased with you.
You visited 1 branch of the dungeon, and saw 7 of its levels.
You also visited: Sewer.

You collected 702 gold pieces.

Inventory:

Hand Weapons
 q - a +0 war axe (weapon)
Missiles
 I - a throwing net (quivered)
Armour
 a - a +2 pair of gloves (worn)
 c - a +0 buckler (worn)
 p - a +0 cloak (worn)
 z - a +0 chain mail (worn)
 E - a +0 helmet (worn)
Jewellery
 l - an amulet of guardian spirit (around neck)
 v - a +4 ring of protection
 x - a +6 ring of strength (right hand)
 y - a +6 ring of intelligence (left hand)
Wands
 f - a wand of iceblast (7)
 D - a wand of charming (3)
 G - a wand of flame (10)
 J - a wand of mindburst (7)
Scrolls
 d - 2 scrolls of fog
 g - a scroll of immolation
 h - a scroll of teleportation
 j - 3 scrolls of enchant weapon {unknown}
 m - 2 scrolls of summoning {unknown}
 n - a scroll of amnesia {unknown}
 t - a scroll of vulnerability {unknown}
 u - a scroll of noise {unknown}
 w - 2 scrolls of fear {unknown}
 C - 2 scrolls of silence {unknown}
Potions
 b - a potion of enlightenment {unknown}
 e - 4 potions of lignification
 o - 3 potions of curing
 r - 3 potions of brilliance
 s - 4 potions of attraction
 A - a potion of haste {unknown}
 B - a potion of invisibility {unknown}
 F - a potion of mutation {unknown}
 H - a potion of resistance {unknown}


   Skills:
 + Level 8.9 Fighting
 * Level 11.4(11.7) Axes
 - Level 3.4(7.0) Polearms
 - Level 3.2 Armour
 - Level 3.2 Shields
 + Level 3.6 Invocations


You had 6 spell levels left.
You knew the following spells:

 Your Spells              Type           Power      Damage    Failure   Level
a - Blink                 Tloc           0%         N/A       58%         2

Your spell library contained the following spells:

 Spells                   Type           Power      Damage    Failure   Level
 Apportation              Tloc           0%         N/A       43%         1
 Shock                    Conj/Air       0%         1d3       43%         1
 Ensorcelled Hibernation  Hex/Ice        0%         N/A       58%         2
 Jinxbite                 Hex            0%         N/A       58%         2
 Lesser Beckoning         Tloc           0%         N/A       58%         2
 Momentum Strike          Conj/Tloc      0%         3d8       58%         2
 Passwall                 Erth           0%         N/A       82%         3
 Swiftness                Air            0%         N/A       82%         3
 Airstrike                Air            0%         2d(0-16)  99%         4
 Alistair's Intoxication  Alch           0%         N/A       100%        5
 Summon Forest            Summ/Tloc      0%         N/A       100%        5
 Summon Mana Viper        Hex/Summ       0%         N/A       100%        5
 Summon Cactus Giant      Summ           0%         N/A       100%        6


Dungeon Overview and Level Annotations

Branches:
Dungeon (7/15)             Temple (0/1) D:5           Sewer (visited)

Altars:
Cheibriados
Elyvilon
Makhleb
Zin

Annotations:
D:6 2 transporters, xianbchi's ghost, novice SpAE
D:7 Joseph


Innate Abilities, Weirdness & Mutations

Your spellcasting is much less encumbered by armour.
You can use scrolls of enchantment on lesser artefacts.


Message History

The gnoll closely misses you. The gnoll hits you but does no damage.
Things that are here:
a +0 spear; a +0 ring mail You hit the gnoll.
The gnoll is moderately wounded.
The gnoll hits you with a +0 halberd.
* * * LOW HITPOINT WARNING * * *
You slash the gnoll!
You kill the gnoll!
Joseph unwields a +0 quarterstaff.
Joseph wields a +0 sling.
Joseph shoots a sling bullet.
The sling bullet hits you but does no damage.
The gnoll barely misses you.
Joseph unwields a +0 sling.
Joseph wields a +0 quarterstaff.
Joseph misses you.
Things that are here:
a +0 halberd; a gnoll corpse You barely miss Joseph.
Joseph is almost dead.
The sky beast flickers out of sight!
The gnoll hits you from afar with a +0 halberd!
* * * LOW HITPOINT WARNING * * *
Joseph hits you with a +0 quarterstaff! Elyvilon protects you from harm!
You feel better. The gnoll hits you but does no damage.
Joseph hits you with a +0 quarterstaff.
* * * LOW HITPOINT WARNING * * *
Okay, then.
You hear the rapid hiss of an avalanche of sand very nearby.
Joseph unwields a +0 quarterstaff.
Joseph wields a +0 sling.
Joseph shoots a sling bullet.
The sling bullet hits you. Elyvilon protects you from harm!
Things that are here:
a +0 spear; a +0 ring mail
Okay, then.
Okay, then.
As you read the scroll of teleportation, it crumbles to dust.
You feel strangely unstable.
Joseph shoots a sling bullet.
The sling bullet hits you!
You die...

#........#
#........#
#........#
#.!......###
#...gg....<########
####@#####........#
#)# #...g....###
#)# #...........
#@# #######.....
#.# #...... #.#
#....... ##ß#
#....... {#
#....... ##
#....gg. #.......
#....... ....g...


You could see Joseph and 2 gnolls.

Vanquished Creatures
  A hornet (D:7)
  A wyvern (D:5)
  Eustachio (D:5)
  Duvessa (D:5)
  An ice beast (D:5)
  A black bear (D:4)
  A sky beast (D:7)
  A phantom (D:5)
  3 kobold brigands
  2 gnoll sergeants (D:7)
  2 brain worms (Sewer)
  2 scorpions (D:5)
  Dowan (D:5)
  2 howler monkeys (D:5)
  A bombardier beetle (D:6)
  2 jellies (D:5)
  3 orc priests
  5 hounds
  2 sleepcaps
  Jessica (D:2)
  Ijyb (D:5)
  4 iguanas (D:5)
  10 orc wizards
  11 adders
  6 gnolls
  4 river rats (Sewer)
  2 shadow imps
  2 white imps (D:5)
  A ribbon worm (D:2)
  2 dart slugs
  23 orcs
  4 endoplasms
  3 giant cockroaches
  3 goblins
  6 hobgoblins
  5 jackals (Sewer)
  6 quokkas
  5 ball pythons
  8 bats
  3 frilled lizards
  11 kobolds
  9 rats
163 creatures vanquished.

Notes
Turn   | Place    | Note
-------+----------+-------------------------------------------
     0 | D:1      | smashvw the Mountain Dwarf Fighter began the quest for the
                  | Orb.
     0 | D:1      | Reached XP level 1. HP: 19/19 MP: 1/1
   162 | D:1      | Reached XP level 2. HP: 25/27 MP: 2/2
   612 | D:2      | Reached XP level 3. HP: 19/33 MP: 3/3
   793 | D:2      | Noticed Jessica
   808 | D:2      | Killed Jessica
   976 | D:2      | Reached XP level 4. HP: 37/41 MP: 2/4
  1065 | D:2      | Found a white marble altar of Elyvilon.
  1075 | D:2      | Became a worshipper of Elyvilon the Healer
  1679 | D:2      | Reached skill level 1 in Axes
  1983 | D:2      | Reached * piety under Elyvilon
  2097 | D:3      | Reached skill level 2 in Axes
  2125 | D:3      | Reached XP level 5. HP: 12/47 MP: 2/5
  2489 | D:3      | Reached skill level 5 in Fighting
  2804 | D:4      | Reached skill level 3 in Axes
  3022 | D:4      | Noticed a black bear
  3031 | D:4      | Killed a black bear
  3032 | D:4      | Reached skill level 4 in Axes
  3032 | D:4      | Reached XP level 6. HP: 51/56 MP: 4/6
  3256 | D:4      | Reached skill level 5 in Axes
  3303 | D:4      | Learned a level 2 spell: Blink
  3430 | D:4      | Found a burning altar of Makhleb.
  3430 | D:4      | Found a glowing silver altar of Zin.
  3431 | D:4      | Found a snail-covered altar of Cheibriados.
  3518 | D:5      | Entered Level 5 of the Dungeon
  3527 | D:5      | Reached XP level 7. HP: 41/63 MP: 5/7
  3606 | D:5      | Noticed Dowan
  3607 | D:5      | Noticed Duvessa
  3629 | D:5      | HP: 2/94 [Dowan/+0 dagger (3)]
  3632 | D:5      | Elyvilon protects you from harm!
  3634 | D:5      | Killed Duvessa
  3635 | D:5      | Reached skill level 6 in Axes
  3636 | D:5      | Killed Dowan
  3860 | D:5      | Found a glowing drain.
  3868 | Sewer    | Entered a sewer
  3868 | Sewer    | Reached ** piety under Elyvilon
  3901 | Sewer    | Reached skill level 7 in Axes
  4240 | Sewer    | Reached skill level 8 in Axes
  4240 | Sewer    | Reached XP level 8. HP: 18/73 MP: 0/8
  4735 | D:5      | Noticed Ijyb
  4748 | D:5      | Killed Ijyb
  4882 | D:5      | Found a staircase to the Ecumenical Temple.
  4953 | D:5      | Reached skill level 9 in Axes
  5229 | D:5      | Reached skill level 10 in Axes
  5488 | D:5      | Noticed Eustachio
  5528 | D:5      | Killed Eustachio
  5529 | D:5      | Reached skill level 1 in Invocations
  5529 | D:5      | Reached XP level 9. HP: 59/82 MP: 7/9
  5880 | D:6      | Noticed xianbchi's ghost (novice SpAE)
  5895 | D:6      | Found a transporter.
  6166 | D:6      | Reached *** piety under Elyvilon
  6205 | D:6      | Found a transporter.
  6779 | D:7      | Reached skill level 11 in Axes
  6995 | D:7      | Noticed a cyclops
  7151 | D:7      | Noticed Joseph
  7186 | D:7      | HP: 1/82 [gnoll/+0 halberd[a gnoll sergeant] (7)]
  7186 | D:7      | Elyvilon protects you from harm!
  7188 | D:7      | Elyvilon protects you from harm!
  7190 | D:7      | Shot with a sling bullet by Joseph

Illustrated notes

Levels and vault maps discovered:
D:1:      matt_arrival_los_fun, layout_rooms
D:2:      layout_loops_corners, basic_altar, serial_bayou, serial_bayou_ford_a,
          serial_bayou_lake_a, serial_bayou_lagoon_a, serial_bayou_pond_e,
          st_stairs_9, uniq_jessica
D:3:      layout_loops_ring
D:4:      layout_loops_ring, nicolae_overflow_hidden_temple
D:5:      minmay_polygon_palace, layout_rooms, minmay_temple_entry_waves,
          gup_sewer_entry_bubbles, uniq_duvessa, uniq_eustachio, uniq_ijyb
D:6:      layout_loops_ring, gammafunk_ghost_stat_death, minivault_10,
          due_unseen_surprise
D:7:      layout_rooms, lightli_ossuary_entry_decrepit_ruins, uniq_joseph,
          uniq_pikel, uniq_crazy_yiuf_cottage

Skill      XL: |  1  2  3  4  5  6  7  8  9 |
---------------+----------------------------+-----
Fighting       | 4 5 6 7 8 |  8.9
Polearms       | 3 |  3.4
Axes           | 2 4 5 8 10 11 | 11.4
Invocations    | 1 3 |  3.6
Armour         | |  3.2
Shields        | |  3.2

Action                     |  1- 3 |  4- 6 |  7- 9 || total
---------------------------+-------+-------+-------++-------
  Melee: Trident           |   101 |    24 |       ||   125
         War axe           |       |   179 |   360 ||   539
 Invoke: Heal Self         |       |       |     1 ||     1
    Use: Potion            |       |       |     9 ||     9
         Scroll            |       |       |    10 ||    10
 Armour: Scale mail        |    70 |   187 |   258 ||   515
         Chain mail        |       |       |   100 ||   100
  Dodge: Dodged            |    50 |   102 |   184 ||   336
  Block: Buckler           |    23 |    37 |    85 ||   145

Table legend: (Time is in decaauts)
 A = Elapsed time spent in this place.
 B = Non-inter-level travel time spent in this place.
 C = Inter-level travel time spent in this place.
 D = Time resting spent in this place.
 E = Time spent auto-exploring this place.
 F = Levels seen in this place.
 G = Mean time per level.
                   A        B        C        D        E       F      G
               +--------+--------+--------+--------+--------+-----+--------+
         Total |   7540 |   7262 |    278 |    503 |   5134 |   8 |  942.5 |
       Dungeon |   6656 |   6378 |    278 |    442 |   4525 |   7 |  950.9 |
         Sewer |    884 |    884 |      0 |     61 |    608 |   1 |  884.0 |
               +--------+--------+--------+--------+--------+-----+--------+

Top non-repeatable levels by time:
     D:5: 1681 daAuts
     D:2: 1446 daAuts
   Sewer: 884 daAuts
     D:6: 861 daAuts
     D:3: 821 daAuts
     D:4: 704 daAuts
     D:1: 682 daAuts
     D:7: 456 daAuts
